 Dungeon Crawl Stone Soup version 0.26-a0-610-g3e9335bbc7 (webtiles) character file.

Game seed: 5229032806347062071

2058 MrRokkomies the Digger (level 9, -2/51 HPs)
             Began as an Octopode Earth Elementalist on Sept 4, 2020.
             Was an Initiate of Gozag.
             Slain by a yak (13 damage)
             ... on level 5 of the Dungeon.
             The game lasted 00:18:57 (8996 turns).

MrRokkomies the Digger (OpEE)                       Turns: 8996, Time: 00:18:58

Health: -2/51      AC:  1    Str:  8    XL:     9   Next: 25%
Magic:  18/22      EV: 16    Int: 20    God:    Gozag
Gold:   339        SH:  0    Dex: 12    Spells: 4/14 levels left

rFire    . . .     SeeInvis .   s - +4 quarterstaff (chaos)
rCold    . . .     Faith    .   (shield currently unavailable)
rNeg     + + .     Spirit   .   (helmet restricted)
rPois    .         Reflect  .   (no amulet)
rElec    .         Harm     .   d - ring of magical power
rCorr    .                      i - ring of positive energy
MR       .....                  t - ring of positive energy
Stlth    ++++......             (no ring)
HPRegen  0.17/turn              (no ring)
MPRegen  0.18/turn              (no ring)
                                (no ring)
                                (no ring)

@: no status effects
A: almost no armour, stealthy swim, amphibious, 8 rings, constrict 8, camouflage
1, gelatinous body 1
a: Potion Petition, Call Merchant, Bribe Branch, Renounce Religion


You were on level 5 of the Dungeon.
You worshipped Gozag.
Gozag was aware of your devotion.
You visited 2 branches of the dungeon, and saw 7 of its levels.

You collected 427 gold pieces.
You paid 88 gold pieces to Gozag.

Inventory:

Hand Weapons
 c - a +1 spear
 o - a +0 trident
 s - a +4 quarterstaff of chaos (weapon)
Missiles
 b - 139 stones (quivered)
Jewellery
 d - a ring of magical power (left tentacle)
 i - a ring of positive energy (right tentacle)
 t - a ring of positive energy (on tentacle)
Wands
 r - a wand of polymorph (7)
Scrolls
 a - 6 scrolls of remove curse
 k - 2 scrolls of amnesia
 l - 5 scrolls of identify
 n - 2 scrolls of magic mapping
 p - 3 scrolls of teleportation
Potions
 f - a potion of haste
 g - 4 potions of might
 j - a potion of curing
 m - a potion of stabbing


   Skills:
 * Level 7.0 Dodging
 - Level 5.0 Stealth
 - Level 3.0 Spellcasting
 + Level 3.2 Conjurations
 + Level 4.4 Transmutations
 * Level 7.4 Earth Magic


You had 4 spell levels left.
You knew the following spells:

 Your Spells              Type           Power        Failure   Level
a - Sandblast             Erth           ####..       1%          1
b - Passwall              Tmut/Erth      ####....     1%          2
c - Petrify               Tmut/Erth      ####....     12%         4
d - Stone Arrow           Conj/Erth      ###...       4%          3

Your spell library contained the following spells:

 Spells                   Type           Power        Failure   Level
 Beastly Appendage        Tmut           ###...       2%          1
 Wereblood                Tmut           ###.....     3%          2
 Spider Form              Tmut/Pois      ##........   17%         3
 Ice Form                 Ice/Tmut       ##......     50%         4
 Lee's Rapid Deconstruct  Erth           ####......   19%         5
 Blade Hands              Tmut           ###.......   54%         5


Dungeon Overview and Level Annotations

Branches:
Dungeon (6/15)             Temple (1/1) D:5

Altars:
Ashenzari
Cheibriados
Elyvilon
Fedhas
Gozag
Hepliaklqana
Kikubaaqudgha
Makhleb
Nemelex Xobeh
Okawaru
Qazlal
Ru
Sif Muna
Trog
Uskayaw
Vehumet
Wu Jian
Xom
Yredelemnul
Zin
The Shining One

Annotations:
D:2 Sigmund
D:6 Grinder


Innate Abilities, Weirdness & Mutations

You cannot wear most types of armour.
You are very stealthy in the water. (Stealth+)
You are amphibious.
You can wear up to eight rings at the same time.
You can use your tentacles to constrict eight enemies at once.
Your skin changes colour to match your surroundings (Stealth+).
Your rubbery body absorbs attacks. (AC +1, EV +1)


Message History

Confirm with . or Enter, or press ? or * to list all spells.
Aiming: Sandblast (safe; 1% risk of failure)
Press: ? - help, Shift-Dir - straight line, f/p - yak
Aim: a yak (severely wounded)
The blast of sand hits the yak.
The yak is severely wounded.
b - 140 stones The yak gores you!
* * * LOW HITPOINT WARNING * * *
Casting: Sandblast (safe; 1% risk of failure)
Confirm with . or Enter, or press ? or * to list all spells.
Aiming: Sandblast (safe; 1% risk of failure)
Press: ? - help, Shift-Dir - straight line, f/p - yak
Aim: a yak (severely wounded)
The blast of sand hits the yak but does no damage.
The yak is severely wounded.
b - 139 stones The yak gores you!
You die...
Your body crumbles into a pile of gold.

####.....#.# #..
#..........# ##.
####.........#######.
##.....#..............
##..................###
#.....................#
#.................#.#.#
#.....................#
#.....@................
#.....Y.........##.....
##.............###.....
##.....#.....##....##.
#############....(...
#......... #.........
#......... ##(.......


You could see a yak.

Vanquished Creatures
  Pikel (D:4)
  A yak (D:6)
  Menkaure (D:4)
  A phantom (D:3)
  2 ogres
  A centaur (D:5)
  4 lemures (D:4)
  A scorpion (D:6)
  3 killer bees
  A centaur skeleton (D:4)
  A jelly (D:5)
  A bullfrog skeleton (D:6)
  3 orc priests
  Crazy Yiuf (D:3)
  4 orc wizards
  2 iguanas
  Natasha (twice) (D:2)
  6 worker ants
  4 hound skeletons
  Robin (D:2)
  2 howler monkey zombies
  3 adders
  A white imp (D:6)
  An ufetubus (D:5)
  An adder skeleton (D:4)
  An adder zombie (D:6)
  4 worms
  4 dart slugs
  5 leopard geckos
  17 orcs
  8 bats
  5 giant cockroaches
  14 goblins
  8 hobgoblins
  20 jackals
  2 quokkas
  3 ball pythons (D:1)
  7 frilled lizards
  8 kobolds
  13 rats
168 creatures vanquished.

Vanquished Creatures (others)
  2 fungi (D:3)
  A withered plant (D:6)
3 creatures vanquished.

Grand Total: 171 creatures vanquished

Notes
Turn   | Place    | Note
-------+----------+-------------------------------------------
     0 | D:1      | MrRokkomies the Octopode Earth Elementalist began the quest
                  | for the Orb.
     0 | D:1      | Reached XP level 1. HP: 11/11 MP: 3/3
   260 | D:1      | Reached XP level 2. HP: 12/17 MP: 0/5
   748 | D:1      | Reached XP level 3. HP: 21/21 MP: 6/6
  1788 | D:2      | Noticed Robin
  1825 | D:2      | Reached XP level 4. HP: 6/27 MP: 7/7
  1827 | D:2      | HP: 1/27 [Robin/cursed +0 spear (6)]
  1828 | D:2      | Killed Robin
  2162 | D:2      | Noticed Sigmund
  2248 | D:2      | Learned a level 2 spell: Passwall
  2253 | D:2      | Learned a level 4 spell: Petrify
  2262 | D:2      | Noticed Natasha
  2268 | D:2      | Killed Natasha
  2503 | D:2      | Noticed Natasha
  2515 | D:2      | Killed Natasha
  2515 | D:2      | Reached XP level 5. HP: 16/31 MP: 9/9
  4086 | D:3      | Reached XP level 6. HP: 36/36 MP: 10/10
  4129 | D:3      | Noticed a phantom
  4135 | D:3      | Learned a level 3 spell: Stone Arrow
  4168 | D:3      | Killed a phantom
  4237 | D:3      | Found a runed translucent door.
  4238 | D:3      | Noticed Crazy Yiuf
  4320 | D:3      | Found a hazy altar of Hepliaklqana.
  4320 | D:3      | Found a burning altar of Makhleb.
  4999 | D:3      | Killed Crazy Yiuf
  4999 | D:3      | Reached XP level 7. HP: 41/41 MP: 11/11
  5280 | D:3      | Reached skill level 5 in Earth Magic
  5486 | D:4      | Reached skill level 5 in Stealth
  5571 | D:4      | Noticed Pikel
  6333 | D:4      | Reached skill level 5 in Dodging
  6484 | D:4      | Noticed Menkaure
  6490 | D:4      | Killed Menkaure
  6490 | D:4      | Reached skill level 1 in Conjurations
  6490 | D:4      | Reached XP level 8. HP: 29/46 MP: 12/12
  6899 | D:4      | Found a bloodstained altar of Trog.
  6922 | D:4      | Killed Pikel
  7045 | D:5      | Entered Level 5 of the Dungeon
  7048 | D:5      | Found a staircase to the Ecumenical Temple.
  7223 | Temple   | Entered the Ecumenical Temple
  7351 | Temple   | Became a worshipper of Gozag Ym Sagoz the Greedy
  7968 | D:5      | Reached XP level 9. HP: 51/51 MP: 13/13
  8133 | D:6      | Noticed Grinder
  8996 | D:5      | Slain by a yak

Illustrated notes

Levels and vault maps discovered:
D:1:      kilobyte_arrival_exit_the_forest, layout_basic
D:2:      layout_basic, uniq_robin, uniq_natasha, uniq_sigmund
D:3:      layout_loops_ring, chequers_temple_overflow_statue_of_worship,
          uniq_crazy_yiuf_cottage
D:4:      layout_loops_ring, kennysheep_mini, grunt_ministairs_5,
          minmay_cut_off, uniq_menkaure, uniq_pikel
D:5:      layout_rooms, minmay_temple_entry_stoned_glass
D:6:      layout_basic, serial_undead, serial_undead_d, serial_undead_e,
          serial_undead_b, serial_undead_a, uniq_grinder
Temple:   compressed_dpeg_circular_temple

Skill      XL: |  1  2  3  4  5  6  7  8  9 |
---------------+----------------------------+-----
Stealth        | 3 4 5 |  5.0
Dodging        | 3 4 5 6 7 |  7.0
Earth Magic    | 4 5 7 |  7.4
Spellcasting   | 3 |  3.0
Transmutations | 2 3 4 |  4.4
Conjurations   | 1 2 3 |  3.2

Action                   |  1- 3 |  4- 6 |  7- 9 || total
-------------------------+-------+-------+-------++-------
Melee: Unarmed           |    22 |       |       ||    22
       Tentacles         |    11 |    18 |    13 ||    42
       Constrict         |    20 |    26 |    28 ||    74
       Spear             |    73 |   116 |       ||   189
       Trident           |       |     5 |       ||     5
       Quarterstaff      |       |       |   116 ||   116
Throw: Javelin           |       |       |     9 ||     9
 Cast: Sandblast         |    18 |    46 |    38 ||   102
Invok: Potion Petition   |       |       |     1 ||     1
  Use: Scroll            |     3 |     4 |     6 ||    13
       Potion            |       |     2 |     4 ||     6
 Stab: Sleeping          |    11 |    18 |     9 ||    38
       Distracted        |       |     1 |       ||     1
Armor: Skin              |     7 |     6 |     4 ||    17
Dodge: Dodged            |    49 |    70 |   120 ||   239

Table legend: (Time is in decaauts)
 A = Elapsed time spent in this place.
 B = Non-inter-level travel time spent in this place.
 C = Inter-level travel time spent in this place.
 D = Time resting spent in this place.
 E = Time spent auto-exploring this place.
 F = Levels seen in this place.
 G = Mean time per level.
                   A        B        C        D        E       F      G
               +--------+--------+--------+--------+--------+-----+--------+
         Total |   9040 |   8663 |    377 |   1084 |   6214 |   7 | 1291.4 |
       Dungeon |   8883 |   8553 |    330 |   1084 |   6106 |   6 | 1480.5 |
        Temple |    156 |    109 |     47 |      0 |    108 |   1 |  156.0 |
               +--------+--------+--------+--------+--------+-----+--------+

Top non-repeatable levels by time:
     D:3: 1857 daAuts
     D:2: 1814 daAuts
     D:1: 1785 daAuts
     D:4: 1607 daAuts
     D:5: 1211 daAuts
     D:6: 606 daAuts
  Temple: 156 daAuts
